Map: Oxide LE

Players

Trap - Winner!

  • Race: Protoss Protoss

Reynor

  • Race: Zerg Zerg

Event: TSL 7

VOD

Have the link to the VOD?

Description

Time

  • Played on: June 27, 2021, 3:16 p.m.
  • Length: 11:52

All games in this series

Show
View Real Time Build Order
Export as new Build Order

Trap Protoss - Winner!

Build Orders: 1 Gate Expand 

Get SALT Encoding   

  12  0:00  Probe  
  13  0:12  Probe  
  14  0:18  Pylon  
  14  0:24  Probe  
  15  0:36  Probe (Chrono Boost)  
  16  0:44  Gateway  
  16  0:46  Probe (Chrono Boost)  
  17  0:51  Probe (Chrono Boost), Assimilator  
  18  1:03  Probe  
  19  1:15  Probe  
  20  1:25  Nexus  
  20  1:35  Cybernetics Core  
  20  1:37  Probe  
  21  1:45  Assimilator  
  21  1:50  Probe  
  22  1:54  Pylon  
  22  2:01  Probe  
  23  2:09  Stalker (Chrono Boost)  
  23  2:10  Probe  
  23  2:12  Warp Gate  
  26  2:18  Probe  
  27  2:27  Twilight Council  
  27  2:30  Probe (Chrono Boost)  
  27  2:33  Adept  
  27  2:36  Probe (Chrono Boost)  
  32  2:46  Probe x2 (Chrono Boost)  
  32  2:51  Probe (Chrono Boost)  
  33  2:52  Probe  
  35  3:00  Gateway  
  35  3:04  Gateway  
  35  3:05  Probe  
  35  3:09  Probe  
  35  3:11  Resonating Glaives (Chrono Boost)  
  37  3:13  Adept  
  39  3:20  Probe  
  39  3:21  Probe  
  41  3:28  Pylon  
  41  3:32  Probe  
  41  3:33  Probe  
  43  3:44  Probe  
  43  3:45  Probe  
  45  3:53  Pylon  
  45  3:57  Nexus  
  45  4:00  Adept x2  
  45  4:02  Adept  
  51  4:04  Probe  
  52  4:12  Shield Battery  
  52  4:16  Probe x2  
  54  4:18  Assimilator  
  54  4:20  Assimilator  
  54  4:29  Adept x3  
  60  4:32  Probe x2  
  58  4:40  Robotics Facility  
  58  4:42  Pylon  
  58  4:44  Probe x2  
  60  4:46  Pylon  
  60  4:49  Pylon  
  60  4:56  Probe x2  
  62  5:06  Adept x3  
  62  5:10  Probe (Chrono Boost)  
  62  5:12  Probe (Chrono Boost)  
  59  5:15  Probe (Chrono Boost)  
  59  5:20  Probe (Chrono Boost), Forge  
  59  5:21  Probe (Chrono Boost)  
  61  5:24  Probe (Chrono Boost)  
  61  5:26  Adept x2  
  61  5:27  Probe x2, Adept  
  69  5:28  Observer (Chrono Boost)  
  71  5:39  Gateway  
  71  5:40  Gateway  
  71  5:47  Adept x3  
  76  5:50  Probe x2  
  76  5:51  Probe  
  81  6:04  Probe x2  
  81  6:05  Probe  
  81  6:08  Adept x2  
  81  6:09  Adept  
  77  6:18  Immortal (Chrono Boost)  
  77  6:19  Probe x2  
  77  6:20  Probe  
  77  6:24  Gateway  
  80  6:26  Gateway  
  80  6:29  Forge, Sentry x2  
  80  6:30  Protoss Ground Weapons Level 1 (Chrono Boost)  
  80  6:31  Sentry  
  86  6:34  Shield Battery  
  86  6:44  Shield Battery  
  86  6:48  Immortal (Chrono Boost)  
  86  6:58  Stalker x3  
  90  7:15  Warp Prism (Chrono Boost)  
  90  7:21  Sentry x2  
  90  7:22  Stalker x5  
  100  7:27  Assimilator  
  100  7:31  Probe  
  100  7:32  Assimilator  
  100  7:36  Pylon x2  
  101  7:38  Pylon  
  101  7:39  Robotics Facility  
  101  7:41  Robotics Bay  
  101  7:42  Photon Cannon, Pylon  
  101  7:54  Probe x2, Immortal (Chrono Boost)  
  101  7:55  Zealot  
  101  7:57  Stalker x4  
  117  8:02  Stalker x2  
  121  8:10  Pylon  
  121  8:15  Pylon  
  121  8:21  Blink (Chrono Boost)  
  121  8:26  Disruptor (Chrono Boost)  
  121  8:27  Stalker x3  
  121  8:30  Disruptor (Chrono Boost)  
  133  8:38  Protoss Ground Weapons Level 2  
  133  8:47  Nexus  
  133  8:49  Pylon  
  133  8:52  Pylon  
  133  8:53  Photon Cannon x2  
  133  8:56  Disruptor (Chrono Boost)  
  139  9:04  Pylon  
  139  9:05  Probe, Disruptor (Chrono Boost)  
  139  9:06  Probe x2  
  142  9:11  Stalker x2  
  142  9:12  Stalker  
  142  9:16  Adept  
  142  9:17  Adept  
  152  9:27  Stalker x2  
  152  9:30  Disruptor (Chrono Boost)  
  157  9:36  Observer (Chrono Boost)  
  158  9:40  Pylon  
  158  9:41  Pylon  
  158  9:44  Photon Cannon  
  158  9:48  Photon Cannon  
  158  9:50  Templar Archives  
  158  9:53  Pylon  
  156  10:05  Stalker  
  156  10:06  Stalker x4  
  164  10:08  Charge  
  164  10:17  Disruptor x2  
  156  10:35  Stalker x4  
  156  10:36  Stalker x2  
  156  10:39  Probe x2  
  156  10:40  Probe x2  
  156  10:41  Assimilator  
  156  10:42  Assimilator  
  170  10:50  Stalker  
  159  11:01  Stalker  
  159  11:02  Stalker x5  
  159  11:04  Probe x4  
  137  11:16  Gateway  
  137  11:17  Gateway  
  137  11:18  Gateway  
  123  11:24  Stalker  
  123  11:25  Stalker x6  
Show
View Real Time Build Order
Export as new Build Order

Reynor Zerg 

Build Orders: Hatch First 

Get SALT Encoding   

  12  0:00  Drone  
  13  0:12  Overlord  
  13  0:17  Drone  
  14  0:30  Drone x2  
  16  0:48  Hatchery  
  15  0:51  Drone  
  15  0:54  Drone  
  17  0:57  Drone  
  18  1:08  Extractor  
  17  1:14  Spawning Pool  
  17  1:17  Drone  
  17  1:20  Drone  
  18  1:28  Drone  
  19  1:38  Drone  
  20  1:49  Overlord  
  20  2:00  Drone x2  
  20  2:01  Queen x2  
  26  2:11  Zergling x4  
  26  2:13  Metabolic Boost  
  28  2:21  Drone x2  
  30  2:33  Overlord  
  30  2:34  Drone  
  31  2:44  Drone x2  
  33  2:48  Hatchery  
  33  2:51  Queen  
  34  2:54  Drone  
  34  2:55  Drone  
  36  3:04  Overlord  
  36  3:05  Drone  
  36  3:09  Drone  
  36  3:11  Drone x2  
  40  3:15  Queen  
  40  3:16  Drone  
  40  3:18  Drone  
  44  3:26  Overlord  
  44  3:28  Drone, Queen  
  47  3:36  Drone  
  47  3:37  Drone  
  49  3:41  Overlord  
  49  3:42  Drone x2  
  51  3:49  Zergling x2  
  51  3:53  Zergling x2  
  53  3:57  Queen  
  53  3:58  Drone  
  53  3:59  Overlord  
  53  4:00  Queen  
  58  4:06  Zergling x4  
  58  4:09  Overlord  
  60  4:10  Zergling x2  
  60  4:11  Drone x2  
  60  4:13  Drone  
  60  4:16  Roach Warren  
  63  4:22  Overlord  
  62  4:25  Extractor  
  62  4:27  Zergling x4  
  62  4:28  Drone x3  
  65  4:32  Drone x2  
  65  4:33  Overlord  
  64  4:39  Zergling x4  
  64  4:45  Zergling x4  
  68  4:47  Spore Crawler  
  68  4:48  Spore Crawler  
  68  4:49  Zergling x2  
  67  4:53  Overlord  
  67  4:55  Drone x4  
  70  5:03  Zergling x4, Roach x4  
  70  5:06  Drone x2  
  78  5:09  Drone  
  78  5:13  Drone, Spore Crawler  
  79  5:17  Lair  
  79  5:20  Drone  
  79  5:21  Drone  
  81  5:23  Drone x2  
  81  5:24  Drone  
  84  5:29  Evolution Chamber  
  84  5:32  Drone x4  
  84  5:33  Drone  
  88  5:37  Drone x3  
  88  5:39  Overlord  
  90  5:47  Overlord  
  89  5:51  Drone x3  
  92  5:57  Overlord  
  92  5:59  Drone x2  
  92  6:02  Drone x6  
  92  6:06  Overlord  
  92  6:07  Drone  
  92  6:09  Drone x2  
  92  6:11  Extractor  
  91  6:13  Zerg Missile Weapons Level 1  
  91  6:15  Drone  
  91  6:17  Drone  
  91  6:18  Drone  
  86  6:20  Glial Reconstitution  
  86  6:22  Drone  
  86  6:24  Extractor  
  84  6:29  Drone x2  
  86  6:33  Drone  
  86  6:39  Hatchery  
  86  6:40  Overlord  
  86  6:45  Overlord  
  86  6:47  Evolution Chamber  
  84  6:48  Drone  
  84  6:49  Drone x4  
  84  6:50  Roach x2  
  90  6:54  Roach x3  
  90  6:55  Extractor  
  90  6:56  Extractor  
  90  6:59  Overlord  
  91  7:04  Roach x3  
  94  7:09  Overlord  
  94  7:12  Drone x3  
  94  7:14  Drone x2  
  95  7:18  Drone  
  95  7:20  Drone  
  95  7:21  Drone  
  95  7:23  Drone  
  95  7:25  Drone  
  95  7:26  Overseer  
  97  7:32  Drone x2  
  97  7:33  Infestation Pit  
  97  7:35  Drone x2  
  97  7:36  Drone  
  101  7:38  Drone  
  101  7:41  Drone x2  
  101  7:42  Drone  
  101  7:43  Drone  
  106  7:45  Drone x2  
  106  7:48  Roach  
  106  7:49  Roach  
  106  7:50  Ravager x2  
  114  7:56  Roach  
  114  7:57  Roach  
  118  7:58  Ravager  
  118  7:59  Ravager, Roach x2  
  118  8:01  Zergling x2  
  118  8:04  Roach  
  118  8:05  Zergling x2, Roach  
  130  8:07  Overlord  
  130  8:11  Ravager x2  
  130  8:12  Zergling x2, Roach x2  
  137  8:14  Roach  
  137  8:19  Roach x3  
  145  8:21  Overlord  
  145  8:27  Hive  
  145  8:37  Overlord  
  145  8:40  Zerg Missile Weapons Level 2  
  145  8:42  Ravager x2  
  145  8:43  Roach x2  
  145  8:44  Roach  
  145  8:46  Hatchery  
  152  8:54  Hydralisk Den  
  152  8:55  Overlord  
  149  9:03  Zergling x2, Roach x6  
  149  9:04  Zergling x6  
  149  9:06  Overlord  
  164  9:12  Ravager  
  164  9:13  Overlord  
  148  9:26  Hydralisk x2  
  148  9:27  Hydralisk, Zergling x8  
  148  9:31  Hatchery  
  151  9:32  Overlord  
  147  9:39  Viper x2  
  147  9:43  Zergling x10  
  147  9:44  Zergling x4  
  160  9:48  Overlord  
  160  9:55  Lurker Den  
  160  9:58  Overlord  
  157  10:17  Hydralisk x5  
  167  10:26  Roach x2  
  167  10:27  Zergling x14, Roach  
  174  10:30  Zergling x8  
  163  10:39  Hydralisk x3  
  169  10:46  Hydralisk  
  169  10:47  Zergling x6  
  160  10:51  Hydralisk, Zergling x6  
  160  10:53  Hydralisk  
  160  10:54  Zergling x2  
  154  10:59  Hydralisk x2, Zergling x2  
  135  11:05  Hydralisk x3  
  135  11:10  Hydralisk x2  
  119  11:12  Hydralisk x2  
  119  11:16  Zergling x2  
  119  11:17  Zergling x2  
  108  11:23  Hydralisk  
  108  11:24  Zergling x2  
  108  11:25  Zergling x2  
  90  11:28  Zergling x2  
  78  11:34  Zergling x2  
Tags
 
Add a new tag
Caveats
  • Supply blocks, unpowered buildings, or Contaminate may cause inaccurate times.
  • Supply counts are checked every 10 seconds.